 Dungeon Crawl Stone Soup version 0.27-a0-1612-gde56a17b89 (webtiles) character file.

Game seed: 15966274099589979441

9624 Spaninq the Cleaver (level 11, 0/105 HPs)
             Began as a Palentonga Berserker on July 21, 2021.
             Was an Elder of Trog.
             Killed from afar by an oklob plant (16 damage)
             ... with a splash of acid
             ... on level 11 of the Dungeon.
             The game lasted 00:29:05 (15550 turns).

Spaninq the Cleaver (Palentonga Berserker)         Turns: 15550, Time: 00:29:06

Health: 0/105      AC: 16    Str: 24    XL:     11   Next: 25%
Magic:  11/11      EV: 10    Int:  8    God:    Trog [****..]
Gold:   604        SH:  0    Dex:  9    Spells: 10/10 levels left

rFire    . . .     SeeInvis +   r - +0 battleaxe
rCold    + . .     Faith    .   (shield currently unavailable)
rNeg     . . .     Spirit   .   i - +4 ring mail {rC+}
rPois    +         Reflect  .   x - +2 helmet
rElec    .         Harm     .   (no cloak)
rCorr    .         Rampage  .   (no gloves)
Will     .....                  (no barding)
Stlth    ..........             (no amulet)
HPRegen  0.27/turn              k - ring of flight
MPRegen  0.12/turn              s - ring "Ywith" {rPois SInv}

@: corroded, flying, curled up
A: large, rugged brown scales 3, see invisible, deformed body, roll 2, armoured
tail, reflexive curl, robust 1, wild magic 1
a: Rolling Charge, Renounce Religion, Berserk, Trog's Hand, Brothers in Arms


You were on level 11 of the Dungeon.
You worshipped Trog.
Trog was greatly pleased with you.
You visited 1 branch of the dungeon, and saw 11 of its levels.
You also visited: Ossuary.

You collected 604 gold pieces.

Inventory:

Hand Weapons
 a - a +1 hand axe
 r - a +0 battleaxe (weapon)
Missiles
 u - a throwing net
 y - 7 boomerangs of dispersal
Armour
 i - a +4 ring mail of cold resistance (worn)
 x - a +2 helmet (worn)
Jewellery
 c - a ring of protection from fire
 h - a ring of magical power
 k - a ring of flight (left hand)
 l - a +6 ring of dexterity
 s - the ring "Ywith" (right hand) {rPois SInv}
   (You found it on level 9 of the Dungeon)

   [ring of see invisible]

   rPois:     It protects you from poison.
   SInv:      It lets you see invisible.
Wands
 b - a wand of charming (6)
 e - a wand of flame (8)
 v - a wand of digging (4)
Scrolls
 d - 10 scrolls of teleportation
 f - 3 scrolls of identify
 m - 2 scrolls of enchant weapon
 t - a scroll of enchant armour
 w - a scroll of blinking
 z - a scroll of fog
 C - a scroll of holy word
Potions
 g - 3 potions of flight
 j - a potion of mutation
 n - 2 potions of resistance
 o - 2 potions of haste
 p - a potion of ambrosia
 q - 5 potions of curing
 B - a potion of magic
 D - a potion of heal wounds
Miscellaneous
 A - a box of beasts


   Skills:
 + Level 9.8 Fighting
 * Level 13.0 Axes
 - Level 4.6 Armour
 - Level 4.6 Dodging


You had 10 spell levels left.
You didn't know any spells.
Your spell library was empty.

Dungeon Overview and Level Annotations

Branches:
Dungeon (11/15)            Temple (0/1) D:7            Lair (0/6) D:8
Ossuary (visited)
    Orc: D:9-12

Altars:
Ashenzari
Cheibriados
Dithmenos
Elyvilon
Nemelex Xobeh
Okawaru
Xom
Zin

Shops:
D:3 [

Annotations:
D:11 exclusion: oklob plant


Innate Abilities, Weirdness & Mutations

You are completely covered in rugged brown scales. (AC +3, +7% HP)
You have supernaturally acute eyesight. (SInv)
Armour fits poorly on your strangely shaped body.
You can roll at foes to attack.
You have a long armoured tail.
You curl defensively after being hit.
You are robust. (+10% HP)
Your spells are a little harder to cast, but a little more powerful.


Message History

You are no longer corroded.
You start resting.
HP restored.
Really fly into a travel-excluded area?
Found a hand axe.
The oklob sapling spits acid at you. The splash of acid misses you.
You slice the oklob sapling!!
You tail-slap the oklob sapling, but do no damage.
The oklob sapling is almost destroyed.
You slice the plant!!
The plant begins to die.
The oklob plant spits acid at you. The splash of acid hits you!
You are splashed with acid!
You hit the oklob sapling but do no damage.
The oklob sapling is almost destroyed.
You slash the plant! The oklob plant spits acid at you.
The splash of acid hits you. The acid corrodes you!
You are splashed with acid!
The oklob sapling spits acid at you.
The splash of acid hits you but does no damage.
You are splashed with acid!
You hit the oklob sapling but do no damage.
The oklob sapling is almost destroyed.
You slash the plant! The oklob plant spits acid at you.
The splash of acid hits you!
You are splashed with acid!
You hit the oklob sapling but do no damage.
The oklob sapling is almost destroyed.
You hit the plant.
A nearby plant withers and dies.
The oklob sapling spits acid at you. The splash of acid hits you!
* * * LOW HITPOINT WARNING * * *
You are splashed with acid!
* * * LOW HITPOINT WARNING * * *
You slash the oklob sapling!
You destroy the oklob sapling!
Trog accepts your kill. The oklob plant spits acid at you.
The splash of acid hits you!
You die...

###........##
.#
#P......≈≈##
♣♣♣♣.†..≈≈≈♣
♣≈.♣♣♣♣♣♣≈♣
♣♣≈≈≈≈♣..♣†♣
♣♣≈≈≈≈≈≈♣♣.♣♣
♣≈≈P≈≈≈≈♣.♣♣
♣♣.≈≈≈≈≈≈♣P≈♣
♣≈.@≈≈≈≈≈≈≈♣♣
♣)≈≈.≈≈≈≈≈≈♣
♣PP≈♣≈≈≈≈♣♣♣
♣♣♣♣♣♣♣≈♣♣
#+#


You could see an oklob plant.

Vanquished Creatures
  2 two-headed ogres
  Pikel (D:5)
  4 lindwurms (D:9)
  Joseph (D:8)
  An unseen horror (D:10)
  2 trolls (D:10)
  A shadow (D:10)
  3 yaks (D:10)
  A steam dragon (D:6)
  2 vampire mosquitoes (D:11)
  Edmund (D:5)
  2 wargs
  5 water moccasins
  3 orc warriors
  An ice beast (D:7)
  An ogre (D:6)
  2 centaurs
  A phantom (D:6)
  A kobold brigand (D:8)
  13 scorpions
  A water moccasin skeleton (D:4)
  3 killer bees (D:9)
  An oklob sapling (D:11)
  2 howler monkeys
  3 centaur zombies
  4 hounds
  2 jellies
  A centaur skeleton (D:7)
  A human zombie (Ossuary)
  7 orc priests
  A bullfrog skeleton (D:4)
  2 iguanas
  Ijyb (D:4)
  A gnoll shaman (D:6)
  8 orc wizards
  7 scorpion zombies (Ossuary)
  A killer bee zombie (D:6)
  2 howler monkey zombies
  3 mummies (Ossuary)
  4 gnolls (D:8)
  11 adders
  A shadow imp (D:4)
  A white imp (D:4)
  An adder skeleton (D:4)
  A worm (D:5)
  4 dart slugs
  19 orcs
  8 endoplasms
  A giant cockroach (D:1)
  2 gnoll zombies (Ossuary)
  8 goblins
  6 hobgoblins
  2 jackals (D:1)
  2 quokkas
  11 ball pythons
  7 bats
  A frilled lizard (D:2)
  6 goblin zombies
  A hobgoblin zombie (Ossuary)
  10 kobolds
  A kobold zombie (Ossuary)
  An orc zombie (Ossuary)
  A quokka zombie (D:5)
  10 rats
219 creatures vanquished.

Vanquished Creatures (collateral kills)
  A hornet (D:9)
1 creature vanquished.

Vanquished Creatures (others)
  4 plants (D:11)
4 creatures vanquished.

Grand Total: 224 creatures vanquished

Notes
Turn   | Place    | Note
-------+----------+-------------------------------------------
     0 | D:1      | Spaninq the Palentonga Berserker began the quest for the
                  | Orb.
     0 | D:1      | Reached XP level 1. HP: 19/19 MP: 1/1
   271 | D:1      | Reached XP level 2. HP: 21/25 MP: 2/2
   627 | D:1      | Found a faded altar of an unknown god.
   712 | D:1      | Reached ** piety under Trog
   851 | D:1      | Reached XP level 3. HP: 31/31 MP: 3/3
  2011 | D:3      | Found Suvuozoo's Antique Armour Boutique.
  2345 | D:3      | Reached XP level 4. HP: 37/37 MP: 4/4
  2866 | D:4      | Noticed Ijyb
  2880 | D:4      | Gained mutation: You are robust. (+10% HP) [potion of
                  | mutation]
  2880 | D:4      | Gained mutation: You can roll at foes to attack. [potion of
                  | mutation]
  2880 | D:4      | Gained mutation: Your spells are a little harder to cast,
                  | but a little more powerful. [potion of mutation]
  2888 | D:4      | Killed Ijyb
  2889 | D:4      | Reached skill level 4 in Axes
  3252 | D:4      | Reached XP level 5. HP: 35/49 MP: 5/5
  3882 | D:4      | Reached XP level 6. HP: 52/56 MP: 6/6
  4151 | D:5      | Entered Level 5 of the Dungeon
  4257 | D:5      | Reached *** piety under Trog
  4258 | D:5      | Reached skill level 5 in Axes
  4388 | D:5      | Noticed Pikel
  4400 | D:5      | Found a sand-covered staircase.
  4407 | Ossuary  | Entered an ossuary
  4498 | Ossuary  | Gained mutation: You curl defensively after being hit.
                  | [Palentonga growth]
  4498 | Ossuary  | Reached XP level 7. HP: 64/64 MP: 7/7
  4799 | Ossuary  | Reached skill level 6 in Axes
  4995 | Ossuary  | Reached skill level 5 in Fighting
  5384 | Ossuary  | Reached XP level 8. HP: 50/72 MP: 8/8
  5736 | D:5      | Killed Pikel
  5737 | D:5      | Reached skill level 7 in Axes
  5749 | D:5      | Reached **** piety under Trog
  5973 | D:5      | Noticed Edmund
  6053 | D:5      | Killed Edmund
  6673 | D:5      | Found a snail-covered altar of Cheibriados.
  7237 | D:6      | Reached skill level 8 in Axes
  7237 | D:6      | Reached XP level 9. HP: 73/73 MP: 9/9
  8016 | D:6      | Found a shadowy altar of Dithmenos.
  8133 | D:6      | Reached skill level 9 in Axes
  8160 | D:6      | Found an iron altar of Okawaru.
  9021 | D:7      | Found a staircase to the Ecumenical Temple.
  9267 | D:8      | Noticed a two-headed ogre
  9277 | D:8      | Killed a two-headed ogre
  9278 | D:8      | Reached skill level 10 in Axes
  9591 | D:7      | Reached XP level 10. HP: 62/93 MP: 10/10
 10222 | D:8      | Found a staircase to the Lair.
 10528 | D:8      | Found a sparkling altar of Nemelex Xobeh.
 10567 | D:8      | Noticed Joseph
 10579 | D:8      | Killed Joseph
 10580 | D:8      | Reached skill level 11 in Axes
 10796 | D:8      | Found a glowing silver altar of Zin.
 10796 | D:8      | Found a white marble altar of Elyvilon.
 10799 | D:8      | Found a shimmering altar of Xom.
 10801 | D:8      | Found a broken altar of Ashenzari.
 10992 | D:9      | Paralysed by a hornet for 2 turns
 10999 | D:9      | Paralysed by a hornet for 2 turns
 11822 | D:9      | Noticed a lindwurm
 11822 | D:9      | Noticed a lindwurm
 11868 | D:9      | Noticed a lindwurm
 11941 | D:9      | Noticed a lindwurm
 12230 | D:9      | Killed a lindwurm
 13206 | D:9      | Killed a lindwurm
 13223 | D:9      | Killed a lindwurm
 13224 | D:9      | Reached skill level 12 in Axes
 13227 | D:9      | Killed a lindwurm
 13243 | D:9      | Identified the ring "Ywith" {rPois SInv}
 13457 | D:10     | Entered Level 10 of the Dungeon
 13834 | D:10     | Reached XP level 11. HP: 78/104 MP: 11/11
 14494 | D:10     | Noticed a two-headed ogre
 14500 | D:10     | Killed a two-headed ogre
 15038 | D:11     | Reached skill level 13 in Axes
 15401 | D:11     | Noticed an oklob plant
 15550 | D:11     | Killed from afar by an oklob plant

Illustrated notes

Levels and vault maps discovered:
D:1:      psy_arrival_terrarium, layout_loops_ring,
          dilly_ecumenical_altar_fadedgnrine, minmay_bisected
D:2:      layout_loops_corners, serial_rivers, chequers_serial_rivers_micro_c,
          chequers_serial_rivers_large_a, chequers_serial_rivers_room_b,
          chequers_serial_rivers_small_a, skrybe_limestone_x
D:3:      layout_basic, serial_shops, shop, minmay_crystal_room
D:4:      layout_basic, minmay_cupped, uniq_ijyb
D:5:      layout_cave_pods, chei_slow_surprise, enter_ossuary_4, minmay_holes,
          hangedman_glass_teeth, uniq_pikel, uniq_edmund
D:6:      layout_gridville, mainiacjoe_overflow_brackets,
          mainiacjoe_overflow_alcove_4, minmay_fractal_squares_5
D:7:      layout_basic, minmay_temple_entry_fiery
D:8:      layout_loops_cross, minitemple, nemelex_diamond_rough_becter,
          erik_lair_orcish_takeover, uniq_joseph
D:9:      layout_loops_corners, minmay_lindwurm_lava
D:10:     layout_cave_pools
D:11:     layout_loops_ring, hiddenorc1_lemuel, introduction_to_nature_2

Skill      XL: |  1  2  3  4  5  6  7  8  9 10 11 |
---------------+----------------------------------+-----
Armour         | 2 3 4 |  4.6
Dodging        | 2 3 4 |  4.6
Axes           | 4 5 6 8 10 12 13 | 13.0
Fighting       | 4 5 6 7 9 |  9.8

Action                   |  1- 3 |  4- 6 |  7- 9 | 10-12 || total
-------------------------+-------+-------+-------+-------++-------
Melee: Hand axe          |   140 |   117 |   192 |       ||   449
       Tailslap          |     8 |    16 |    60 |    49 ||   133
       Battleaxe         |       |       |    89 |   272 ||   361
Invok: Berserk           |       |     2 |     3 |       ||     5
       Brothers in Arms  |       |       |       |     1 ||     1
 Abil: Rolling Charge    |    36 |    19 |    21 |     7 ||    83
  Use: Potion            |       |     5 |     2 |     7 ||    14
       Scroll            |       |     6 |    10 |     4 ||    20
 Stab: Invisible         |       |       |     3 |       ||     3
Armor: Animal skin       |    22 |       |       |       ||    22
       Chain mail        |     6 |       |       |       ||     6
       Robe              |    34 |    12 |       |       ||    46
       Ring mail         |       |    37 |   116 |   222 ||   375
Dodge: Dodged            |    56 |    47 |   119 |   178 ||   400

Table legend: (Time is in decaauts)
 A = Elapsed time spent in this place.
 B = Non-inter-level travel time spent in this place.
 C = Inter-level travel time spent in this place.
 D = Time resting spent in this place.
 E = Time spent auto-exploring this place.
 F = Levels seen in this place.
 G = Mean time per level.
                   A        B        C        D        E       F      G
               +--------+--------+--------+--------+--------+-----+--------+
         Total |  15690 |  14950 |    740 |   4793 |   7804 |  12 | 1307.5 |
       Dungeon |  14368 |  13628 |    740 |   3995 |   7605 |  11 | 1306.2 |
       Ossuary |   1321 |   1321 |      0 |    797 |    199 |   1 | 1321.0 |
               +--------+--------+--------+--------+--------+-----+--------+

Top non-repeatable levels by time:
     D:9: 2933 daAuts
     D:4: 1611 daAuts
     D:7: 1414 daAuts
 Ossuary: 1321 daAuts
     D:6: 1268 daAuts
    D:10: 1157 daAuts
     D:3: 1156 daAuts
     D:5: 1139 daAuts
     D:1: 1114 daAuts
     D:8: 988 daAuts
     D:2: 972 daAuts
    D:11: 610 daAuts
